 Dungeon Sprint DCSS version 0.23.2-1-ga50397a6bc (webtiles) character file.

Game seed: 10252621399434557284

435 Kobolds4U the Carver (level 6, -5/64 HPs)
             Began as a Minotaur Berserker on May 21, 2019.
             Was a Believer of Trog.
             Slain by a slime creature (17 damage)
             ... in the Dungeon (Sprint I: "Red Sonja").
             The game lasted 00:00:51 (386 turns).

Kobolds4U the Carver (Minotaur Berserker)            Turns: 386, Time: 00:00:51

Health: -5/64      AC:  3    Str: 22    XL:     6   Next: 68%
Magic:  5/5        EV: 15    Int:  4    God:    Trog [**....]
Gold:   324        SH:  0    Dex: 11    Spells: 5/5 levels left

rFire    . . .     SeeInvis .   a - +0 falchion
rCold    . . .     Gourm    .   (no shield)
rNeg     . . .     Faith    .   l - +0 leather armour
rPois    .         Spirit   .   (helmet restricted)
rElec    .         Reflect  .   (no cloak)
rCorr    .         Harm     .   (no gloves)
MR       .....     NoTele   +   (no boots)
Stlth    +.........             (no amulet)
HPRegen  0.20/turn              (no ring)
MPRegen  0.09/turn              (no ring)

@: no status effects
A: retaliatory headbutt, horns 2
a: Berserk, Trog's Hand, Renounce Religion


You were in the Dungeon.
You worshipped Trog.
Trog was pleased with you.
You were not hungry.

You visited 1 branch You collected 324 gold pieces.

Inventory:

Hand Weapons
 a - a +0 falchion (weapon)
Armour
 l - a +0 leather armour (worn)
Scrolls
 i - a scroll of blinking
Potions
 d - a potion of curing
 e - a potion of heal wounds
 f - a potion of haste
 g - 2 potions of magic
 h - a potion of berserk rage
 j - a potion of flight {unknown}
Comestibles
 b - 4 chunks of flesh
 c - a ration


   Skills:
 + Level 9.4 Fighting
 * Level 12.3 Long Blades
 - Level 2.4 Armour
 + Level 8.2 Dodging


You had 5 spell levels left.
You didn't know any spells.
Your spell library was empty.

Dungeon Overview and Level Annotations

Branches:
Dungeon (1/1)

Altars:
Cheibriados
Dithmenos
Elyvilon
Fedhas
Gozag
Hepliaklqana
Kikubaaqudgha
Makhleb
Nemelex Xobeh
Okawaru
Qazlal
Ru
Sif Muna
Trog
Uskayaw
Vehumet
Wu Jian
Xom
Yredelemnul
Zin
The Shining One
Jiyva
Lugonu

Shops:
D :


Innate Abilities, Weirdness & Mutations

You reflexively headbutt those who attack you in melee.
You have a pair of horns on your head.


Message History

You hit the slime creature.
The slime creature is lightly wounded.
The slime creature hits you.
You hit the slime creature. You headbutt the slime creature.
The slime creature is moderately wounded.
The slime creature hits you!!
You completely miss the slime creature.
The slime creature is lightly wounded.
The slime creature hits you!
* * * LOW HITPOINT WARNING * * *
You slash the slime creature!
The slime creature is heavily wounded.
You slash the slime creature!
The slime creature is heavily wounded.
The slime creature hits you.
* * * LOW HITPOINT WARNING * * *
You slash the slime creature! You headbutt the slime creature!
The slime creature is severely wounded.
The slime creature hits you!
You die...

###################
#<.#[.)..#..'..#__#
#..)..#..').#..@..+
#..#####'#####'#J_#
#..####..#...#(####
#..#__####..##.#
#..#_____##'#_.+
#⌠⌠#_.∩...÷..._#
####_..__##_.#'#
#_____###+#.#
####### ###


You could see a slime creature.

Vanquished Creatures
  Sigmund (D)
  A yak (D)
  An ogre (D)
  A jelly (D)
  Ijyb (D)
5 creatures vanquished.

Notes
Turn   | Place    | Note
-------+----------+-------------------------------------------
     0 | D        | Kobolds4U the Minotaur Berserker began the quest for the
                  | Orb.
     0 | D        | Reached XP level 1. HP: 19/19 MP: 0/0
     1 | D        | Noticed Ijyb
    29 | D        | Killed Ijyb
    29 | D        | Reached skill level 5 in Fighting
    29 | D        | Reached skill level 6 in Long Blades
    29 | D        | Reached XP level 2. HP: 14/29 MP: 1/1
   187 | D        | Noticed an ogre
   192 | D        | Killed an ogre
   192 | D        | Reached skill level 8 in Long Blades
   192 | D        | Reached skill level 5 in Dodging
   192 | D        | Reached XP level 3. HP: 38/38 MP: 2/2
   192 | D        | Reached XP level 4. HP: 45/45 MP: 3/3
   202 | D        | Noticed Sigmund
   214 | D        | Killed Sigmund
   214 | D        | Reached ** piety under Trog
   214 | D        | Reached skill level 11 in Long Blades
   214 | D        | Reached XP level 5. HP: 47/55 MP: 4/4
   214 | D        | Reached XP level 6. HP: 53/62 MP: 5/5
   267 | D        | Found an ornate altar of the Wu Jian Council.
   267 | D        | Found a deep blue altar of Sif Muna.
   269 | D        | Found a radiant altar of Vehumet.
   301 | D        | Found Ywileth's Book Emporium.
   301 | D        | Found an ancient bone altar of Kikubaaqudgha.
   301 | D        | Found a hazy altar of Hepliaklqana.
   301 | D        | Found a hide-covered altar of Uskayaw.
   301 | D        | Found a basalt altar of Yredelemnul.
   301 | D        | Found an opulent altar of Gozag.
   301 | D        | Found a snail-covered altar of Cheibriados.
   301 | D        | Found a sacrificial altar of Ru.
   301 | D        | Found a shadowy altar of Dithmenos.
   301 | D        | Noticed a yak
   305 | D        | Killed a yak
   305 | D        | Reached skill level 12 in Long Blades
   306 | D        | Found a stormy altar of Qazlal.
   306 | D        | Found a blossoming altar of Fedhas.
   306 | D        | Found a bloodstained altar of Trog.
   306 | D        | Found an iron altar of Okawaru.
   306 | D        | Found a glowing golden altar of the Shining One.
   306 | D        | Found a glowing silver altar of Zin.
   306 | D        | Found a white marble altar of Elyvilon.
   309 | D        | Found a sparkling altar of Nemelex Xobeh.
   375 | D        | Found a viscous altar of Jiyva.
   375 | D        | Found a corrupted altar of Lugonu.
   375 | D        | Noticed a slime creature
   376 | D        | Found a burning altar of Makhleb.
   376 | D        | Found a shimmering altar of Xom.
   386 | D        | Slain by a slime creature

Skill      XL: |  1  2  3  4  5  6 |
---------------+-------------------+-----
Fighting       | 5 6 8 9 |  9.4
Long Blades    | 6 8 11 12 | 12.3
Dodging        | 3 5 7 8 |  8.2
Armour         | |  2.4

Action                   |  1- 3 |  4- 6 || total
-------------------------+-------+-------++-------
Melee: Unarmed           |    20 |       ||    20
       Falchion          |     9 |    26 ||    35
       Headbutt          |     6 |     8 ||    14
Armor: Skin              |     3 |       ||     3
Dodge: Dodged            |     9 |     9 ||    18
       Rpst.: Falchion   |     3 |     2 ||     5
